 Dungeon Crawl Stone Soup version 0.30-a0-5-g3a90980b9d (webtiles) character file.

Game seed: 5359686434938037992

79 BritishOli the Trooper (level 4, 0/35 HPs)
             Began as a Demonspawn Fighter on Aug 22, 2022.
             Succumbed to a scorpion's poison
             ... on level 3 of the Dungeon.
             The game lasted 00:01:38 (1660 turns).

BritishOli the Trooper (Demonspawn Fighter)         Turns: 1660, Time: 00:01:39

Health: 0/35       AC:  6    Str: 18    XL:     4   Next: 16%
Magic:  4/4        EV:  9    Int: 10    God:
Gold:   171        SH:  4    Dex: 12    Spells: 3/3 levels left

rFire   . . .      SeeInvis .    a - +0 long sword
rCold   . . .      Faith    .    c - +0 buckler
rNeg    . . .      Spirit   .    b - +0 scale mail
rPois   .          Reflect  .    (no helmet)
rElec   .          Harm     .    (no cloak)
rCorr   .          Rampage  .    (no gloves)
Will    .....                    (no boots)
Stlth   ..........               (no amulet)
HPRegen 0.11/turn                (no ring)
MPRegen 0.09/turn                (no ring)

@: lethally poisoned (0 -> -7)
A: demonic guardian 1
a: no special abilities


You were on level 3 of the Dungeon.
You visited 1 branch of the dungeon, and saw 3 of its levels.

You collected 171 gold pieces.

Inventory:

Hand Weapons
 a - a +0 long sword (weapon)
Armour
 b - a +0 scale mail (worn)
 c - a +0 buckler (worn)
Jewellery
 h - a +6 ring of intelligence
 o - a ring of wizardry
Scrolls
 f - 2 scrolls of vulnerability {unknown}
 g - a scroll of acquirement {unknown}
 j - a scroll of blinking {unknown}
 k - 3 scrolls of teleportation {unknown}
 l - 5 scrolls of identify {unknown}
 m - 2 scrolls of magic mapping {unknown}
 n - 2 scrolls of fog {unknown}
Potions
 d - a potion of might
 e - a potion of berserk rage {unknown}
 i - a potion of haste {unknown}


   Skills:
 + Level 3.5 Fighting
 + Level 2.5 Long Blades
 + Level 3.2 Armour
 + Level 3.2 Shields


You had 3 spell levels left.
You didn't know any spells.
Your spell library was empty.

Dungeon Overview and Level Annotations

Branches:
Dungeon (3/15)

Altars:
Wu Jian

Shops:
D:2 :


Innate Abilities, Weirdness & Mutations

A weak demonic guardian rushes to your aid.


Message History

You hear a shout!
The scorpion closely misses you.
You hit the scorpion.
The scorpion is lightly wounded.
The scorpion stings you.
You are poisoned.
The scorpion poisons you!
The scorpion stings you but does no damage.
You barely miss the scorpion.
The scorpion is lightly wounded.
You feel very sick.
The scorpion stings you but does no damage.
You hit the scorpion.
The scorpion is lightly wounded.
You feel very sick. The scorpion stings you.
An orc comes into view. It is wielding a +0 short sword.
The scorpion barely misses you.
The orc moves out of view.
You barely miss the scorpion.
The scorpion is lightly wounded.
You feel sick. The scorpion stings you.
You are lethally poisoned!
The scorpion poisons you!
You hit the scorpion.
The scorpion is moderately wounded.
* * * LOW HITPOINT WARNING * * *
You feel very sick. The scorpion stings you.
* * * LOW HITPOINT WARNING * * *
A demonic guardian appears!
The scorpion barely misses you.
Unknown command.
The scorpion attacks as you move away! The scorpion closely misses you.
* * * LOW HITPOINT WARNING * * *
You feel sick.
You swap places.
* * * LOW HITPOINT WARNING * * *
You feel very sick. The scorpion stings your shadow imp.
Your shadow imp barely misses the scorpion.
You die...

#. .## ..# ..#
#.# #.#
..##.######†#
...oo.ws5.@>#
.....#####..#
.........!.....#
.... #.#####.##
.. #.# #.# ..
#.# #.# #.#..
#.# #.# #.#.#
#.# #.#
#.#.####.#####.#


You could see a worm, a scorpion (ally target), 2 orcs and a friendly shadow imp
(summoned).

Vanquished Creatures
  3 gnolls (D:2)
  An adder (D:1)
  2 worms
  5 ball pythons
  3 endoplasms (D:1)
  6 giant cockroaches
  A hobgoblin (D:2)
  2 jackals (D:1)
  3 quokkas
  2 bats
  3 frilled lizards
  3 rats
34 creatures vanquished.

Vanquished Creatures (collateral kills)
  A ball python (D:1)
1 creature vanquished.

Grand Total: 35 creatures vanquished

Notes
Turn   | Place    | Note
-------+----------+-------------------------------------------
     0 | D:1      | BritishOli the Demonspawn Fighter began the quest for the
                  | Orb.
     0 | D:1      | Reached XP level 1. HP: 18/18 MP: 1/1
   298 | D:1      | Gained mutation: A weak demonic guardian rushes to your
                  | aid. [demonic ancestry]
   298 | D:1      | Reached XP level 2. HP: 21/24 MP: 2/2
   625 | D:1      | Found a faded altar of an unknown god.
   655 | D:1      | Reached XP level 3. HP: 22/29 MP: 3/3
  1010 | D:2      | Reached XP level 4. HP: 13/35 MP: 4/4
  1394 | D:2      | Found Jelore's Book Emporium.
  1553 | D:3      | Found an ornate altar of the Wu Jian Council.
  1648 | D:3      | Noticed a scorpion
  1659 | D:3      | HP: 1/35 [poisoned by a scorpion]
  1660 | D:3      | Succumbed to a scorpion's poison

Illustrated notes

Levels and vault maps discovered:
D:1:      dpeg_arrival_tiny_d, layout_rooms, dilly_ecumenical_altar_fadedgnrine
D:2:      layout_basic, serial_shops, nicolae_shop_hallway_stairs,
          minmay_worlds_worst_comb
D:3:      layout_loops_ring, lemuel_doored_altar, minmay_guardbox

Skill      XL: |  1  2 |
---------------+-------+-----
Long Blades    | 2 |  2.5
Armour         | 3 |  3.2
Shields        | 3 |  3.2
Fighting       | |  3.5

Action                   |  1- 3 |  4- 6 || total
-------------------------+-------+-------++-------
Melee: Long sword        |    84 |    19 ||   103
Armor: Scale mail        |    41 |     8 ||    49
Dodge: Dodged            |    50 |     9 ||    59
Block: Buckler           |    25 |     3 ||    28

Table legend: (Time is in decaauts)
 A = Elapsed time spent in this place.
 B = Non-inter-level travel time spent in this place.
 C = Inter-level travel time spent in this place.
 D = Time resting spent in this place.
 E = Time spent auto-exploring this place.
 F = Levels seen in this place.
 G = Mean time per level.
                   A        B        C        D        E       F      G
               +--------+--------+--------+--------+--------+-----+--------+
         Total |   1694 |   1668 |     26 |    196 |   1228 |   3 |  564.7 |
       Dungeon |   1694 |   1668 |     26 |    196 |   1228 |   3 |  564.7 |
               +--------+--------+--------+--------+--------+-----+--------+

Top non-repeatable levels by time:
     D:2: 871 daAuts
     D:1: 669 daAuts
     D:3: 153 daAuts
